 Dungeon Crawl Stone Soup version bcrawl-1.21.2-20-g6d45ba5942 (webtiles) character file.

Game seed: 13407349671021595710

63 Revguard the Grave Robber (level 3, 0/25 HPs)
             Began as a Mummy Necromancer on Feb 26, 2020.
             Slain by a phantom (10 damage)
             ... on level 2 of the Dungeon.
             The game lasted 00:12:13 (2645 turns).

Revguard the Grave Robber (Mummy Necromancer)       Turns: 2645, Time: 00:12:14

Health: 0/25       AC:  3    Str: 11    XL:     3   Next: 89%
Magic:  7/7        EV: 12    Int: 15    God:
Gold:   110        SH:  0    Dex: 12    Spells: 3/8 levels left

rFire    x . .     SeeInvis .   e - +0 whip
rCold    + . .     Gourm    .   (no shield)
rNeg     + + +     Faith    .   b - +0 robe
rPois    ∞         Spirit   .   (no helmet)
rElec    .         Reflect  .   (no cloak)
rCorr    .         Harm     .   (no gloves)
MR       .....     Clarity  +   d - +0 pair of boots
Stlth    ++........             (no amulet)
HPRegen  0.08/turn              (no ring)
MPRegen  0.10/turn              (no ring)

@: no status effects
A: no food or potions, fire vulnerability, clarity, cold resistance 1, negative
energy resistance 3, torment resistance, unbreathing
a: no special abilities


You were on level 2 of the Dungeon.
You were not hungry.

You visited 1 branch of the dungeon, and saw 2 of its levels.

You collected 110 gold pieces.

Inventory:

Hand Weapons
 a - a +1 dagger
 e - a +0 whip (weapon)
Armour
 b - a +0 robe (worn)
 d - a +0 pair of boots (worn)
Scrolls
 c - a scroll of fog {unknown}
 f - a scroll of enchant armour {unknown}
 g - a scroll of immolation {unknown}


   Skills:
 + Level 0.3 Fighting
 + Level 0.3 Maces & Flails
 + Level 1.9 Dodging
 + Level 2.2 Stealth
 + Level 3.2 Spellcasting
 + Level 4.7 Necromancy


You had 3 spell levels left.
You knew the following spells:

 Your Spells              Type           Power        Failure   Level  Hunger
a - Animate Skeleton      Necr           N/A          2%          1    N/A
b - Pain                  Necr           ###...       2%          1    N/A
c - Vampiric Draining     Necr           ###.......   9%          3    N/A

Your spell library contained the following spells:

 Spells                   Type           Power        Failure   Level  Hunger
 Animate Dead             Necr           N/A          28%         4    N/A
 Bolt of Draining         Conj/Necr      #.........   90%         5    N/A
 Regeneration             Chrm/Necr      Unusable     N/A         3    N/A

Dungeon Overview and Level Annotations

Branches:
Dungeon (2/12)

Altars:


Innate Abilities, Weirdness & Mutations

You do not eat or drink.
Your flesh is vulnerable to fire.
You are immune to poison.
You possess an exceptional clarity of mind.
Your flesh is cold resistant. (rC+)
You are immune to negative energy. (rN+++)
You are immune to unholy pain and torment.
You can survive without breathing.


Message History

The phantom hits you but does no damage.
You closely miss the phantom.
The phantom is lightly damaged.
The phantom closely misses you.
You hit the phantom but do no damage.
The phantom is lightly damaged.
The phantom hits you.
You hit the phantom but do no damage.
The phantom is lightly damaged.
The phantom barely misses you.
You hit the phantom but do no damage.
The phantom is lightly damaged.
The phantom closely misses you.
You hit the phantom.
The phantom is lightly damaged.
The phantom misses you. The phantom hits you!
You closely miss the phantom.
The phantom is lightly damaged.
The phantom hits you!
You die...

##.###.#.###.....#.########
#.## ##..# #.......#
##.###.### ###.#####
##.#.## #.# ##.## #.# ###
#.# #.# #W# #@# ########
#.# .......########.#
#.....%..#.## #.###.).....#
#.###.###.##....##
#..)...<.##.....#
#.###.######....## #.#
#.#..#############


You could see a phantom.

Vanquished Creatures
  An ooze (D:2)
  A worm (D:1)
  2 dart slugs (D:2)
  5 leopard geckos (D:1)
  An orc (D:2)
  3 bats
  2 giant cockroaches (D:1)
  2 goblins (D:1)
  5 hobgoblins
  6 jackals (D:1)
  A quokka (D:1)
  3 frilled lizards
  5 kobolds
  3 rats
40 creatures vanquished.

Vanquished Creatures (collateral kills)
  A giant cockroach (D:1)
  2 jackals (D:1)
  A quokka (D:1)
  A ball python (D:1)
  A kobold (D:1)
6 creatures vanquished.

Grand Total: 46 creatures vanquished

Notes
Turn   | Place    | Note
-------+----------+-------------------------------------------
     0 | D:1      | Revguard the Mummy Necromancer began the quest for the Orb.
     0 | D:1      | Reached XP level 1. HP: 13/13 MP: 4/4
    93 | D:1      | Reached XP level 2. HP: 8/19 MP: 0/5
   973 | D:1      | Reached XP level 3. HP: 24/24 MP: 4/7
   993 | D:1      | Learned a level 3 spell: Vampiric Draining
  1888 | D:2      | Noticed a phantom
  2645 | D:2      | Slain by a phantom

Skill      XL: |  1  2 |
---------------+-------+-----
Stealth        | 2 |  2.2
Spellcasting   | 3 |  3.2
Fighting       | |  0.3
Maces & Flails | |  0.3
Dodging        | |  1.9
Necromancy     | |  4.7

Action                   || total
-------------------------++-------
Melee: Dagger            ||    73
       Whip              ||    30
 Cast: Animate Skeleton  ||    19
       Pain              ||    55
       Vampiric Draining ||     2
  Use: Scroll            ||     1
 Stab: Distracted        ||     1
Armor: Robe              ||    21
Dodge: Dodged            ||   117
